 Dungeon Crawl Stone Soup version 0.27.1-34-g3ba077fa99 (webtiles) character file.

Game seed: 4509983846935098251

6 Gaxx the Magician (level 2, 0/21 HPs)
             Began as a Djinni Fire Elementalist on Sept 14, 2021.
             Slain by Crazy Yiuf (1 damage)
             ... on level 2 of the Dungeon on Jan 3, 2022.
             The game lasted 00:01:42 (533 turns).

Gaxx the Magician (Djinni Fire Elementalist)         Turns: 533, Time: 00:01:43

Health: 0/21       AC:  2    Str:  7    XL:     2   Next: 0%
Gold:   32         EV: 12    Int: 16    God:
                   SH:  0    Dex: 13

rFire    + + .     SeeInvis .   (no weapon)
rCold    x . .     Faith    .   (no shield)
rNeg     . . .     Spirit   .   a - +0 robe
rPois    ∞         Reflect  .   (no helmet)
rElec    .         Harm     .   (no cloak)
rCorr    .         Rampage  .   (no gloves)
Will     .....                  (boots unavailable)
Stlth    ++........             (no amulet)
HPRegen  0.07/turn              (no ring)
MPRegen  0.00/turn              (no ring)

@: flying
A: sickness immunity, fire resistance 2, cold vulnerability 1, float, innate
caster, hp casting, extra vitality 1
a: no special abilities


You were on level 2 of the Dungeon.
You visited 1 branch of the dungeon, and saw 2 of its levels.

You collected 32 gold pieces.

Inventory:

Missiles
 b - a throwing net
Armour
 a - a +0 robe (worn)
Scrolls
 c - a scroll of identify {unknown}


   Skills:
 + Level 2.2 Dodging
 + Level 1.9 Stealth
 + Level 2.5 Spellcasting


You couldn't memorise any spells.
You knew the following spells:

 Your Spells              Type           Power      Damage    Failure   Level
a - Foxfire               Conj/Fire      40%        2x1d6     7%          1
b - Conjure Flame         Conj/Fire      10%        6-21      21%         3
c - Inner Flame           Hex/Fire       10%        N/A       21%         3
d - Sticky Flame          Conj/Fire      10%        2d3       56%         4
e - Fireball              Conj/Fire      5%         3d5       88%         5
Your spell library was empty.

Dungeon Overview and Level Annotations

Branches:
Dungeon (2/15)

Altars:

Annotations:
D:2 Crazy Yiuf


Innate Abilities, Weirdness & Mutations

You are immune to sickness and miasma.
You are immune to poison.
Your flesh is very heat resistant. (rF++)
You are vulnerable to cold. (rC-)
You float through the air rather than walking.
You learn spells naturally, not from books.
Your magical power is your life essence.
You have superior vitality. (+4 HP)


Message History

You don't know that spell.
Cast which spell? (? or * to list)
You don't know that spell.
Cast which spell? (? or * to list)
You don't know that spell.
Cast which spell? (? or * to list)
You conjure some foxfire!
The hobgoblin barely misses you.
Unknown command.
The foxfire hits the hobgoblin.
The hobgoblin is lightly wounded.
The foxfire hits the hobgoblin.
The hobgoblin is heavily wounded.
Casting: Foxfire (safe; 7% risk of failure)
Confirm with . or Enter, or press ? or * to list all spells.
You miscast Foxfire.
You are very lightly contaminated with residual magic.
Nothing appears to happen.
The hobgoblin barely misses you.
Casting: Foxfire (safe; 7% risk of failure)
Confirm with . or Enter, or press ? or * to list all spells.
You conjure some foxfire!
The hobgoblin hits you.
The foxfire hits the hobgoblin.
You kill the hobgoblin!
You have reached level 2!
Your foxfire dissipates!
Your magical contamination has completely faded away.
There is an escape hatch in the floor here.
You fly downwards.
The hatch slams shut behind you.
Found a mace.
Found a runed translucent door.
Crazy Yiuf shouts!
Crazy Yiuf twirls on the spot.
Crazy Yiuf whimpers, "Mama!
Gum alas disdain."
Crazy Yiuf cries, "Walk unthinkable infinity!"
As you open the door, it creaks loudly!
You hit Crazy Yiuf but do no damage. Crazy Yiuf barely misses you.
You barely miss Crazy Yiuf.
Crazy Yiuf hits you with a +3 quarterstaff of chaos!
Ouch! That really hurt!
* * * LOW HITPOINT WARNING * * *
Crazy Yiuf burns you.
You die...

#....#
#....#
♣....♣
♣...♣♣
♣♣.♣♣
♣.♣♣
♣♣.♣
♣.♣♣
♣♣@♣
#g#
...
#...#
#..)#
#####


You could see Crazy Yiuf.

Vanquished Creatures
  A ball python (D:1)
  A goblin (D:1)
  2 hobgoblins (D:1)
  A rat (D:1)
5 creatures vanquished.

Vanquished Creatures (others)
  13 foxfires (D:1)
13 creatures vanquished.

Grand Total: 18 creatures vanquished

Notes
Turn   | Place    | Note
-------+----------+-------------------------------------------
     0 | D:1      | Gaxx the Djinni Fire Elementalist began the quest for the
                  | Orb.
     0 | D:1      | Reached XP level 1. HP: 15/15 MP: 0/0
   460 | D:1      | Upgraded the game from 0.27.1-1-g398f81649c to
                  | 0.27.1-34-g3ba077fa99
   505 | D:1      | Reached XP level 2. HP: 11/21 MP: 0/0
   527 | D:2      | Found a runed translucent door.
   528 | D:2      | Noticed Crazy Yiuf
   533 | D:2      | HP: 1/21 [Crazy Yiuf (12)]
   533 | D:2      | Slain by Crazy Yiuf

Illustrated notes

Levels and vault maps discovered:
D:1:      lemuel_arrival_cross, layout_basic
D:2:      layout_loops_corners, shapermc_ecumenical_altar_venn,
          minmay_indecisive_spiral, uniq_crazy_yiuf_cottage

Action                   || total
-------------------------++-------
Melee: Unarmed           ||    21
 Cast: Foxfire           ||     8
 Stab: Sleeping          ||     1
Armor: Robe              ||     2
Dodge: Dodged            ||    21
